 Dungeon Crawl Stone Soup version 0.31.0-11-ge490571c62 (webtiles) character file.

Game seed: 8583248265592338542

109 qw the Skirmisher (level 4, -1/25 HPs)
             Began as a Deep Elf Hunter on Feb 4, 2024.
             Slain by an orc wizard
             ... wielding a +0 dagger
              (2 damage)
             ... on level 3 of the Dungeon.
             The game lasted 00:00:07 (1632 turns).

qw the Skirmisher (Deep Elf Hunter)                 Turns: 1632, Time: 00:00:08

Health: -1/25      AC:  6    Str: 10    XL:     4   Next: 60%
Magic:  0/6        EV: 11    Int: 14    God:
Gold:   83         SH:  0    Dex: 18    Spells: 3/3 levels left

rFire   . . .        a - +0 shortbow
rCold   . . .        (shield currently unavailable)
rNeg    . . .        e - +1 ring mail
rPois   .            (no helmet)
rElec   .            (no cloak)
rCorr   +            (no gloves)
SInv    .            (no boots)
Will    .....        c - amulet of guardian spirit Stlth
                     h - ring of resist corrosion
HPRegen 0.24/turn    (no ring)
MPRegen 0.10/turn

%: guardian spirit
@: confused
A: no striking features
a: no special abilities


You were on level 3 of the Dungeon.
You visited 1 branch of the dungeon, and saw 3 of its levels.

You collected 83 gold pieces.


   Skills:
 - Level 1.5 Fighting
 + Level 8.0 Ranged Weapons
 - Level 2.4 Dodging
 - Level 1.2 Stealth


You had 3 spell levels left.
You didn't know any spells.
Your spell library was empty.

Inventory:

Hand Weapons
 a - a +0 shortbow (weapon)
Armour
 e - a +1 ring mail (worn)
 i - a +0 pair of gloves
Jewellery
 c - an amulet of guardian spirit (around neck)
 h - a ring of resist corrosion (left hand)
Scrolls
 b - a scroll of revelation {unknown}
Potions
 d - a potion of heal wounds
 f - a potion of resistance
 g - a potion of curing

Dungeon Overview and Level Annotations

Branches:
Dungeon (3/15)

Altars:
Uskayaw


Message History

You shoot an arrow. The arrow hits the quokka!
You kill the quokka!
Something hits you.
You shoot an arrow. Something hits you.
You shoot an arrow. Something hits you but does no damage.
You shoot an arrow. Something hits you.
You shoot an arrow. Something hits you.
You hear some strange, mumbled words.
Something tries to affect you, but you resist.
You shoot an arrow. Something hits you but does no damage.
You shoot an arrow.
You hear some strange, mumbled words.
Something tries to affect you, but you resist.
You shoot an arrow. Something hits you.
You shoot an arrow. Something hits you.
You shoot an arrow. Something hits you.
You shoot an arrow. Something hits you but does no damage.
You shoot an arrow.
You hear some strange, mumbled words.
Something tries to affect you, but you resist.
Something hits you.
You shoot an arrow.
You hear some strange, mumbled words.
You are confused.
You shoot an arrow. Something hits you.
You shoot an arrow. Something hits you.
You shoot an arrow. Something hits you.
You die...

####### #.#
......###.#
######...##.#
............#
#####...#### ##...##
###.#.#.#####
#...........#
#.#.#.#.###@#
##.##...###).{.)....
#.................##
#.#####.###..######
#####.# #.# #..#
......# #.# #..#
#####.# #..# #.#
...# #..


There were no monsters in sight!

Vanquished Creatures
  An orc wizard (D:3)
  An adder (D:3)
  3 dart slugs
  A ribbon worm (D:2)
  7 orcs (D:3)
  7 endoplasms
  2 giant cockroaches
  3 goblins (D:1)
  6 hobgoblins
  3 kobolds
  7 quokkas
  3 ball pythons
  3 bats (D:2)
  2 frilled lizards
  9 rats
58 creatures vanquished.

Notes
Turn   | Place    | Note
-------+----------+-------------------------------------------
     0 | D:1      | qw the Deep Elf Hunter began the quest for the Orb.
     0 | D:1      | Reached XP level 1. HP: 12/12 MP: 3/3
     0 | D:1      | 0 ||| qw: Version: 0.3-a-160-g6735b56
     0 | D:1      | 0 ||| qw: Game counter: 5769
     0 | D:1      | 0 ||| qw: Melee chars always use a shield: true
     0 | D:1      | 0 ||| qw: God list: Okawaru
     0 | D:1      | 0 ||| qw: Allow faded altars: false
     0 | D:1      | 0 ||| qw: Do Orc after clearing Dungeon:15 true
     0 | D:1      | 0 ||| qw: Do second Lair branch before Depths: true
     0 | D:1      | 0 ||| qw: Lair rune preference: random
     0 | D:1      | 0 ||| qw: Goals: Normal
     0 | D:1      | 0 ||| PLANNING D:1-11
   170 | D:1      | Reached skill level 6 in Ranged Weapons
   170 | D:1      | Reached XP level 2. HP: 16/16 MP: 4/4
   429 | D:1      | 429 ||| UPGRADING to +0 ring mail.
   439 | D:1      | 439 ||| DROPPING +0 leather armour.
   440 | D:1      | 440 ||| DROPPING scroll of butterflies.
   450 | D:2      | 450 ||| FLEEEEING.
   451 | D:2      | 451 ||| FLEEEEING.
   452 | D:2      | 452 ||| FLEEEEING.
   455 | D:2      | 455 ||| STAIRDANCE
   491 | D:2      | Reached XP level 3. HP: 17/20 MP: 5/5
   766 | D:2      | Found a hide-covered altar of Uskayaw.
   926 | D:2      | Reached skill level 7 in Ranged Weapons
  1245 | D:2      | 1245 ||| UPGRADING to amulet of guardian spirit.
  1250 | D:2      | 1250 ||| UPGRADING to ring of resist corrosion.
  1251 | D:2      | 1251 ||| READING 3 scrolls labelled YNUSEO RIYHAU.
  1251 | D:2      | 1251 ||| IDENTIFYING inky potion
  1252 | D:2      | 1252 ||| READING 2 scrolls of identify.
  1252 | D:2      | 1252 ||| IDENTIFYING sedimented purple potion
  1253 | D:2      | 1253 ||| READING scroll of identify.
  1253 | D:2      | 1253 ||| IDENTIFYING scroll labelled JUM HEKHEDI
  1254 | D:2      | 1254 ||| READING scroll labelled XUAKAOSK NYUTZ.
  1257 | D:2      | 1257 ||| DROPPING scroll of immolation.
  1392 | D:3      | 1392 ||| FLEEEEING.
  1393 | D:3      | 1393 ||| FLEEEEING.
  1394 | D:3      | 1394 ||| FLEEEEING.
  1395 | D:3      | 1395 ||| FLEEEEING.
  1396 | D:3      | 1396 ||| STAIRDANCE
  1432 | D:2      | 1432 ||| READING 2 scrolls of identify.
  1432 | D:2      | 1432 ||| IDENTIFYING clear potion
  1433 | D:2      | 1433 ||| READING scroll of identify.
  1433 | D:2      | 1433 ||| IDENTIFYING scroll labelled YMASOT LORYBYU
  1434 | D:2      | 1434 ||| READING scroll of enchant armour.
  1434 | D:2      | 1434 ||| ENCHANTING +0 ring mail.
  1531 | D:3      | Reached XP level 4. HP: 25/25 MP: 6/6
  1610 | D:3      | Reached skill level 8 in Ranged Weapons
  1625 | D:3      | HP: 6/25 [something (1)]
  1630 | D:3      | HP: 4/25 [something (1)]
  1631 | D:3      | HP: 1/25 [something (3)]
  1632 | D:3      | Slain by an orc wizard

Levels and vault maps discovered:
D:1:      wander_arrival_estate, layout_basic
D:2:      layout_loops_corners, basic_altar, minmay_stone_trees_small
D:3:      layout_loops_ring

Skill      XL: |  1  2  3  4 |
---------------+-------------+-----
Ranged Weapons | 6 7 8 |  8.0
Fighting       | |  1.5
Dodging        | |  2.4
Stealth        | |  1.2

Action                     |  1- 3 |  4- 6 || total
---------------------------+-------+-------++-------
   Fire: Shortbow          |   122 |    33 ||   155
    Use: Scroll            |     7 |       ||     7
 Armour: Ring mail         |    20 |    26 ||    46
         Leather armour    |     1 |       ||     1
  Dodge: Dodged            |    25 |     7 ||    32

Table legend:
 A = Non-vault XP
 B = Vault XP
 C = Vault XP percentage of total XP
 D = Non-vault monster count
 E = Vault monster count
 F = Vault count percentage of total count
                 A         B        C        D         E       F
            +---------+---------+-------+---------+---------+-------
      Total |     157 |       0 |   0.0 |      58 |       0 |   0.0
            +---------+---------+-------+---------+---------+-------
        D:1 |      33 |       0 |   0.0 |      19 |       0 |   0.0
        D:2 |      35 |       0 |   0.0 |      18 |       0 |   0.0
        D:3 |      89 |       0 |   0.0 |      21 |       0 |   0.0
            +---------+---------+-------+---------+---------+-------
